 Dungeon Crawl Stone Soup version 0.32-a0-918-g0f22ef8d61 (webtiles) character file.

Game seed: 8008156885872038175

156 ezpacito the Chopper (level 5, 0/41 HPs)
             Began as a Coglin Chaos Knight on Apr 11, 2024.
             Was a Plaything of Xom.
             Slain by a kobold
             ... wielding a +0 dagger
              (4 damage)
             ... on level 4 of the Dungeon.
             The game lasted 00:03:12 (2510 turns).

ezpacito the Chopper (Coglin Chaos Knight)          Turns: 2510, Time: 00:03:13

Health: 0/41       AC:  0    Str: 12 (15) XL:     5   Next: 37%
Magic:  6/6        EV: 13    Int:  8 (11) God:    Xom [...*..]
Gold:   153        SH:  0    Dex: 10 (13) Spells: 5/5 levels left

rFire   . . .        a - melded +0 hand axe (chaos) {Inés}
rCold   . . .        k - melded +0 spear {Kansuke}
rNeg    . . .        b - melded +3 leather armour
rPois   .            (helmet currently unavailable)
rElec   .            x - melded +0 cloak
rCorr   .            m - melded +0 pair of gloves
SInv    .            (boots currently unavailable)
Will    .....        (amulet unavailable)
Stlth   +            (ring unavailable)
HPRegen 0.26/turn    (ring unavailable)
MPRegen 0.10/turn    (no gizmo)

%: no passive effects
@: confused, pig-form, very quick
A: fast, no casting, small, (off-hand wielding), (slow wielding), (warmup
strikes), no jewellery, (large bone plates 1), teleportitis 1, inability to
drink after injury 1
a: Invent Gizmo, Renounce Religion


You were on level 4 of the Dungeon.
You worshipped Xom.
You were a favourite toy of Xom.
You were a filthy swine.
You visited 1 branch of the dungeon, and saw 4 of its levels.

You collected 153 gold pieces.

Inventory:

Hand Weapons
 a - a +0 hand axe of chaos (melded) {Inés}
 c - a +0 war axe
 k - a +0 spear (melded) {Kansuke}
Missiles
 f - 3 javelins
 p - 2 curare-tipped darts
 w - 2 atropa-tipped darts
Armour
 b - a +3 leather armour (melded)
 m - a +0 pair of gloves (melded)
 x - a +0 cloak (melded)
Magical Staves
 y - a staff of fire
 A - a staff of death
Wands
 o - a wand of paralysis (10)
Scrolls
 e - a scroll of silence
Potions
 d - a potion of mutation {unknown}
 h - a potion of might {unknown}
 j - a potion of invisibility {unknown}
 q - a potion of curing
 s - a potion of attraction {unknown}


   Skills:
 * Level 3.5 Fighting
 * Level 3.5(3.8) Axes
 * Level 1.6(2.6) Polearms
 + Level 0.5 Throwing
 * Level 2.4 Armour
 * Level 1.8 Dodging
 + Level 0.7 Stealth
 + Level 0.9 Spellcasting
 + Level 0.0 Necromancy
 + Level 0.8 Evocations


You had 5 spell levels left.
You didn't know any spells.
Your spell library contained the following spells:

 Spells                   Type           Power      Damage    Failure   Level
 Inner Flame              Hex/Fire       0%         N/A       77%         3
 Flame Wave               Conj/Fire      0%         2d4       99%         4
 Sticky Flame             Fire/Alch      0%         2d4       99%         4


Dungeon Overview and Level Annotations

Branches:
Dungeon (4/15)
 Temple: D:4-7

Altars:
Gozag

Shops:
D:4 ?

Annotations:
D:4 Dowan, Duvessa, Sigmund


Innate Abilities, Weirdness & Mutations

You are a filthy swine.
You move quickly.
Your equipment is almost entirely melded.
You are incapable of wielding weapons or throwing items.
You cannot cast spells.
((You can wield a second weapon in your off-hand.))
((It takes a long time for you to wield or remove held weapons.))
((Your first few attacks do less damage.))
You cannot equip rings or amulets.
((You are partially covered in large bone plates. (SH +4)))
You are occasionally teleported next to monsters.
You occasionally lose the ability to drink potions when taking damage.


Message History

You hit Duvessa.
Duvessa is severely wounded.
The kobold hits you with a +0 dagger.
You take 4 damage, and have 33/41 hp.
The helpless Duvessa fails to defend herself.
You hit Duvessa.
Duvessa is severely wounded.
Dowan misses you. The kobold hits you with a +0 dagger.
You take 4 damage, and have 29/41 hp.
The helpless Duvessa fails to defend herself.
You hit Duvessa but do no damage.
Duvessa is severely wounded.
Duvessa is no longer paralysed.
Dowan hits you with a +0 dagger. The kobold hits you with a +0 dagger.
Duvessa hits you with a +3 short sword of venom.
You are poisoned.
You take 12 damage, and have 17/41 hp.
MASSIVE DAMAGE!!
You feel better. Dowan hits you with a +0 dagger.
The kobold hits you with a +0 dagger. Duvessa completely misses you.
You regained 4 hp, and now have 21/41 hp.
Okay, then.
You barely miss Duvessa.
Duvessa is severely wounded. "Heh heh heh..."
You are confused.
You are now a favourite toy of Xom.
Dowan points at you and mumbles some strange words.
The puff of flame hits you!
* * * LOW HITPOINT WARNING * * *
The kobold hits you with a +0 dagger.
* * * LOW HITPOINT WARNING * * *
Duvessa barely misses you.
You take 13 damage, and have 8/41 hp.
MASSIVE DAMAGE!!
You are too confused!
You are too confused!
Dowan hits you with a +0 dagger.
* * * LOW HITPOINT WARNING * * *
The kobold hits you with a +0 dagger.
You die...
Xom snickers!

#........##..######.#.#..## .
#.........#.....##......# #
#.###......#....###..#....### .
#..........##...........#.###..
#.........>....####....#....
#...............###.........>
####........e§§.#............#
####.......e°§..............#
#....∩......Kh§...............
...##........................
## #...).....................
#...#.......................
#.###.............(........ ##
#######........[......
#####.......... ##...[.#..
######


You could see Duvessa, Dowan and a kobold.

Vanquished Creatures
  A hound (D:4)
  Crazy Yiuf (D:4)
  4 adders
  2 dart slugs (D:1)
  2 ribbon worms (D:2)
  5 endoplasms
  5 giant cockroaches
  3 goblins
  7 hobgoblins
  6 jackals
  2 kobolds
  A quokka (D:4)
  3 ball pythons
  3 bats (D:3)
  3 frilled lizards
  2 rats (D:1)
50 creatures vanquished.

Notes
Turn   | Place    | Note
-------+----------+-------------------------------------------
     0 | D:1      | ezpacito the Coglin Chaos Knight began the quest for the
                  | Orb.
     0 | D:1      | Reached XP level 1. HP: 18/18 MP: 1/1
     6 | D:1      | Noticed a swamp worm
     6 | D:1      | Noticed an iguana
     6 | D:1      | Noticed a polar bear
     7 | D:1      | Noticed a killer bee
    31 | D:1      | Reached skill level 1 in Dodging
    71 | D:1      | Reached XP level 2. HP: 15/24 MP: 2/2
   243 | D:1      | XOM: silly message
   328 | D:1      | Reached XP level 3. HP: 29/29 MP: 3/3
   491 | D:2      | Reached skill level 1 in Polearms
   516 | D:2      | XOM: smoke on damage
   725 | D:2      | Found an opulent altar of Gozag.
   758 | D:2      | Reached XP level 4. HP: 35/35 MP: 4/4
   873 | D:2      | XOM: silly message
  1096 | D:2      | XOM: silly message
  1596 | D:3      | Identified the +7 quarterstaff "Yhakuc" {drain, rC++}
  1962 | D:4      | Noticed Sigmund
  1963 | D:4      | Noticed Duvessa
  1964 | D:4      | Found Naurghoc's Magic Scroll Emporium.
  1964 | D:4      | Noticed Dowan
  1970 | D:4      | XOM: 6-stop teleportation journey
  2003 | D:4      | Reached XP level 5. HP: 22/41 MP: 6/6
  2095 | D:4      | Found a runed translucent door.
  2096 | D:4      | Noticed Crazy Yiuf
  2107 | D:4      | Killed Crazy Yiuf
  2317 | D:4      | XOM: confusion (+ monsters)
  2357 | D:4      | XOM: swap monsters
  2362 | D:4      | XOM: confusion
  2400 | D:4      | XOM: give mutations
  2400 | D:4      | Gained mutation: You are partially covered in large bone
                  | plates. (SH +4) [Xom's mischief]
  2400 | D:4      | Gained mutation: You are occasionally teleported next to
                  | monsters. [Xom's mischief]
  2400 | D:4      | Gained mutation: You occasionally lose the ability to drink
                  | potions when taking damage. [Xom's mischief]
  2409 | D:4      | XOM: stat loss: -1 Dex (10/13)
  2475 | D:4      | XOM: 1-stop teleportation journey
  2504 | D:4      | XOM: smoke on damage
  2509 | D:4      | XOM: confusion
  2510 | D:4      | Slain by a kobold

Illustrated notes

Levels and vault maps discovered:
D:1:      onia_arrival_zoo_common, layout_rooms
D:2:      layout_basic, basic_altar, nicolae_half_adder
D:3:      layout_loops_cross
D:4:      layout_rooms, serial_shops, shop, dk_rats_in_the_wall, uniq_sigmund,
          uniq_duvessa, uniq_crazy_yiuf_cottage

Skill      XL: |  1  2  3 |
---------------+----------+-----
Dodging        | 1 |  1.8
Armour         | 2 |  2.4
Polearms       | 1 |  1.6
Fighting       | |  3.5
Axes           | |  3.5
Throwing       | |  0.5
Stealth        | |  0.7
Spellcasting   | |  0.9
Evocations     | |  0.8

Action                     |  1- 3 |  4- 6 || total
---------------------------+-------+-------++-------
  Melee: Hand axe          |    69 |    55 ||   124
         Dagger            |    66 |     2 ||    68
         Spear             |       |    60 ||    60
         Unarmed           |       |    22 ||    22
  Evoke: Wand              |       |     4 ||     4
    Use: Scroll            |       |     9 ||     9
         Potion            |       |     6 ||     6
   Stab: Sleeping          |       |     1 ||     1
         Paralysed         |       |    11 ||    11
 Armour: Leather armour    |    51 |    40 ||    91
         Skin              |       |    31 ||    31
  Dodge: Dodged            |    46 |    65 ||   111

Table legend: (Time is in decaauts)
 A = Elapsed time spent in this place.
 B = Non-inter-level travel time spent in this place.
 C = Inter-level travel time spent in this place.
 D = Time resting spent in this place.
 E = Time spent auto-exploring this place.
 F = Levels seen in this place.
 G = Mean time per level.
                   A        B        C        D        E       F      G
               +--------+--------+--------+--------+--------+-----+--------+
         Total |   2475 |   2330 |    145 |     94 |   1800 |   4 |  618.8 |
       Dungeon |   2475 |   2330 |    145 |     94 |   1800 |   4 |  618.8 |
               +--------+--------+--------+--------+--------+-----+--------+

Top non-repeatable levels by time:
     D:2: 795 daAuts
     D:3: 652 daAuts
     D:4: 537 daAuts
     D:1: 490 daAuts
